 Dungeon Crawl Stone Soup version 0.29.0-15-g675c0067aa (webtiles) character file.

Game seed: 14091236817365560334

0 qw the Sneak (level 1, 0/14 HPs)
             Began as a Gargoyle Delver on Sept 11, 2022.
             Slain by a centaur zombie (2 damage)
             ... on level 4 of the Dungeon.
             The game lasted 00:00:01 (64 turns).

qw the Sneak (Gargoyle Delver)                        Turns: 64, Time: 00:00:02

Health: 0/14       AC:  5    Str: 15    XL:     1   Next: 10%
Magic:  1/1        EV: 11    Int: 10    God:
Gold:   7          SH:  0    Dex: 11    Spells: 0/0 levels left

rFire   . . .      SeeInvis .   a - +0 hand axe
rCold   . . .      Faith    .   (no shield)
rNeg    + . .      Spirit   .   b - +0 leather armour
rPois   inf        Reflect  .   (no helmet)
rElec   +          Harm     .   (no cloak)
rCorr   .          Rampage  .   (no gloves)
Will    .....                   (no boots)
Stlth   +++.......              (no amulet)
HPRegen 0.04/turn               (no ring)
MPRegen 0.07/turn               (no ring)

@: no status effects
A: sickness immunity, AC +2, negative energy resistance 1, electricity
resistance, torment resistance 1, petrification resistance
a: no special abilities


You were on level 4 of the Dungeon.
You visited 1 branch of the dungeon, and saw 2 of its levels.

You collected 7 gold pieces.


Innate Abilities, Weirdness & Mutations

You are immune to sickness and miasma.
Your stone body is resilient. (AC +2)
You are immune to poison.
You resist negative energy. (rN+)
You are resistant to electric shocks. (rElec)
You are resistant to unholy torment.
You are immune to petrification.


   Skills:
 - Level 3.2 Fighting
 + Level 1.8 Axes
 - Level 1.5 Dodging
 - Level 5.4 Stealth


You couldn't memorise any spells.
You didn't know any spells.
Your spell library was empty.

Inventory:

Hand Weapons
 a - a +0 hand axe (weapon)
Armour
 b - a +0 leather armour (worn)
Wands
 g - a wand of digging (3)
Potions
 f - a potion of haste

Dungeon Overview and Level Annotations

Branches:
Dungeon (5/15)
 Temple: D:4-7

Altars:


Message History

(2) D:5 Assign waypoint to what number? (0-9, D - delete waypoint) Waypoint 1 assigned to D:4.
55 ||| PLANNING SEWER The kobold shouts!
You hear a shout!
A centaur zombie comes into view.
59 ||| Stepping ~*~*~tactically~*~*~ (stealth).
You hit the kobold.
The kobold is moderately wounded.
A hound comes into view.
The kobold misses you.
The hound barks!
You hit the kobold.
You kill the kobold!
You hit the centaur zombie but do no damage.
You hear an angry hiss.
The centaur zombie hits you but does no damage.
The centaur zombie kicks you but does no damage.
You hit the centaur zombie but do no damage.
You hit the endoplasm. The centaur zombie hits you.
The centaur zombie kicks you but does no damage.
The endoplasm freezes you.
You are frozen.
A kobold comes into view. It is wielding a +0 club.
The centaur zombie barely misses you. The centaur zombie kicks you.
You hit the endoplasm.
The endoplasm is severely wounded.
You hit the centaur zombie. The endoplasm freezes you.
You are frozen.
The centaur zombie hits you but does no damage.
The centaur zombie kicks you.
You hit the endoplasm.
You kill the endoplasm!
You barely miss the centaur zombie. The centaur zombie barely misses you.
The centaur zombie kicks you but does no damage.
The hound barely misses you. The centaur zombie hits you.
You die...

< .# ##. ##<.
... ###.# #
.#.#.#.#.#.#.#.#
.......Z@h......
.#.#.#.#)#.#.#.#
.........
#.#.#.#.#.#
####....K... ...
##### ...# #####


You could see a hound, a centaur zombie and a kobold.

Vanquished Creatures
  An endoplasm (D:4)
  A kobold (D:4)
2 creatures vanquished.

Notes
Turn   | Place    | Note
-------+----------+-------------------------------------------
     0 | D:5      | qw the Gargoyle Delver began the quest for the Orb.
     0 | D:5      | Reached XP level 1. HP: 14/14 MP: 1/1
     0 | D:5      | 0 ||| qw: Version: 0.1-a-118-gb4e7ce6
     0 | D:5      | 0 ||| qw: Game counter: 10211
     0 | D:5      | 0 ||| qw: Always use a shield: true
     0 | D:5      | 0 ||| qw: God list: Okawaru
     0 | D:5      | 0 ||| qw: Allow faded altars: false
     0 | D:5      | 0 ||| qw: Do Orc after D:15 true
     0 | D:5      | 0 ||| qw: Do second Lair branch before Depths: true
     0 | D:5      | 0 ||| qw: Lair rune preference: random
     0 | D:5      | 0 ||| qw: Plans: Normal
     0 | D:5      | 0 ||| PLANNING D:1-11
    42 | D:5      | 42 ||| DROPPING scroll of fog.
    43 | D:5      | 43 ||| DROPPING scroll of magic mapping.
    44 | D:5      | 44 ||| DROPPING scroll of fear.
    55 | D:4      | 55 ||| PLANNING SEWER
    59 | D:4      | 59 ||| Stepping ~*~*~tactically~*~*~ (stealth).
    60 | D:4      | Noticed a hound
    63 | D:4      | HP: 2/14 [centaur zombie (2)]
    64 | D:4      | Slain by a centaur zombie

Levels and vault maps discovered:
D:4:      gammafunk_cloud_chamber, layout_cave_pools, kennysheep_vampire_church,
          nicolae_wu_jian_immortal_techniques, cheibrodos_sewer_entry_drain,
          serial_undead, serial_undead_d, serial_undead_b, serial_undead_c,
          serial_undead_b, corexii_leaking_fountain, serial_bayou_ford_a,
          st_stairs_13, minmay_surrounded, uniq_pikel, uniq_eustachio
D:5:      layout_gridville, cheibrodos_worm_habitat,
          minmay_temple_entry_stoned_glass

Action                   || total
-------------------------++-------
Melee: Hand axe          ||     5
Armor: Leather armour    ||     5
Dodge: Dodged            ||     4

Table legend:
 A = Non-vault XP
 B = Vault XP
 C = Vault XP percentage of total XP
 D = Non-vault monster count
 E = Vault monster count
 F = Vault count percentage of total count
                 A         B        C        D         E       F
            +---------+---------+-------+---------+---------+-------
      Total |       1 |       2 |  66.7 |       1 |       1 |  50.0
            +---------+---------+-------+---------+---------+-------
        D:4 |       1 |       2 |  66.7 |       1 |       1 |  50.0
            +---------+---------+-------+---------+---------+-------
